 Dungeon Crawl Stone Soup version 0.22.1-1-ga44c0e5 (webtiles) character file.

100 TrumpTheGenius the Stinger (level 4, -3/27 HPs)
             Began as an Octopode Venom Mage on Oct 28, 2018.
             Slain by a sky beast (5 damage)
             ... on level 3 of the Dungeon.
             The game lasted 00:05:57 (2836 turns).

TrumpTheGenius the Stinger (Octopode Venom Mage)    Turns: 2836, Time: 00:05:58

Health: -3/27      AC:  1    Str: 10    XL:     4   Next: 73%
Magic:  2/8        EV: 13    Int: 17    God:
Gold:   86         SH:  0    Dex: 13    Spells: 5/8 levels left

rFire    . . .     SeeInvis .   c - +0 dagger (venom)
rCold    . . .     Gourm    .   (no shield)
rNeg     . . .     Faith    .   (helmet restricted)
rPois    .         Spirit   .   q - amulet of the acrobat
rElec    .         Reflect  .   f - +3 ring of strength
rCorr    .         Harm     .   p - ring of protection from magic
MR       +....                  (no ring)
Stlth    +++.......             (no ring)
HPRegen  0.09/turn              (no ring)
MPRegen  0.11/turn              (no ring)
                                (no ring)
                                (no ring)

@: no status effects
A: almost no armour, stealthy swim, amphibious, 8 rings, constrict 8, camouflage
1, gelatinous body 1
a: no special abilities


You were on level 3 of the Dungeon.
You were near starving.

You visited 1 branch of the dungeon, and saw 3 of its levels.

You collected 86 gold pieces.

Inventory:

Hand Weapons
 c - a +0 dagger of venom (weapon)
 i - a +0 blowgun
 j - a +0 spear
Missiles
 t - 10 poisoned needles
Jewellery
 f - a +3 ring of strength (left tentacle)
 p - a ring of protection from magic (right tentacle)
 q - an amulet of the acrobat (around mantle)
Scrolls
 a - a scroll of fear {unknown}
 h - 5 scrolls of identify {unknown}
 k - a scroll of amnesia {unknown}
 m - 2 scrolls of teleportation {unknown}
 n - 2 scrolls of enchant armour {unknown}
 r - a scroll of blinking {unknown}
Potions
 d - a potion of haste {unknown}
 e - a potion of heal wounds {unknown}
 g - 2 potions of curing {unknown}
 l - a potion of berserk rage {unknown}
 o - a potion of might {unknown}
 s - a potion of flight {unknown}
Comestibles
 b - 9 rations


   Skills:
 + Level 0.1 Fighting
 + Level 0.7 Short Blades
 - Level 2.0 Dodging
 - Level 2.6 Stealth
 + Level 2.6 Spellcasting
 * Level 1.9 Conjurations
 * Level 1.1 Air Magic
 + Level 4.9 Poison Magic


You had 5 spell levels left.
You knew the following spells:

 Your Spells              Type           Power        Failure   Level  Hunger
a - Sting                 Conj/Pois      ##..         4%          1    #......
b - Poisonous Vapours     Pois/Air       ##....       8%          2    ##.....

Your spell library contained the following spells:

 Spells                   Type           Power        Failure   Level  Hunger
 Mephitic Cloud           Conj/Pois/Air  ##......     19%         3    ###....
 Olgreb's Toxic Radiance  Pois           ###.....     24%         4    #####..
 Venom Bolt               Conj/Pois      ##........   77%         5    ######.


Dungeon Overview and Level Annotations

Branches:
Dungeon (3/15)

Altars:


Innate Abilities, Weirdness & Mutations

You cannot wear most types of armour.
You are very stealthy in the water. (Stealth+)
You are amphibious.
You can wear up to eight rings at the same time.
You can use your tentacles to constrict eight enemies at once.
Your skin changes colour to match your surroundings (Stealth+).
Your rubbery body absorbs attacks. (AC +1, EV +1)


Message History

Aim: a sky beast (moderately wounded, poisoned) Poisonous vapours surround the sky beast!
The sky beast looks even sicker.
The sky beast hits you. The sky beast shocks you.
* * * LOW HITPOINT WARNING * * *
The sky beast flickers out of sight!
Deactivating autopickup; reactivate with Ctrl-A.
Something misses you.
A sky beast appears from thin air!
Reactivating autopickup.
The sky beast flickers out of sight!
Deactivating autopickup; reactivate with Ctrl-A.
Found a scroll labeled QAVIYRPHYL ROGRAAS.
A ball python and a skeleton come into view.
Found a scroll labeled QAVIYRPHYL ROGRAAS and a ring mail.
Something completely misses you.
You barely miss something. Something hits you.
* * * LOW HITPOINT WARNING * * *
Something shocks you.
You die...

## ###.......#
.######†........###
.'....'...........
.######.........#
.# #.........#
.######.........##
.#..........)....#
##.....†.......#.##
#.............#@.#
#.......########.#
#.....$.##..?.....#
#.......##........#
#.......##....Z...#
##########......?.#
#.........
#.S.....#.
......[.#.#


There were no monsters in sight!

Vanquished Creatures
  A bullfrog skeleton (D:3)
  2 adders (D:2)
  2 worms (D:2)
  A leopard gecko (D:1)
  A giant cockroach (D:1)
  5 goblins
  12 hobgoblins
  6 jackals
  2 kobolds
  A quokka (D:2)
  A bat (D:2)
  4 frilled lizards (D:2)
  4 rats
42 creatures vanquished.

Notes
Turn   | Place    | Note
-------+----------+-------------------------------------------
     0 | D:1      | TrumpTheGenius the Octopode Venom Mage began the quest for
                  | the Orb.
     0 | D:1      | Reached XP level 1. HP: 11/11 MP: 3/3
   258 | D:1      | Reached skill level 4 in Poison Magic
   478 | D:1      | Reached XP level 2. HP: 12/17 MP: 5/5
   704 | D:1      | Learned a level 2 spell: Poisonous Vapours
  1132 | D:2      | Reached XP level 3. HP: 21/21 MP: 0/6
  1931 | D:2      | Found a faded altar of an unknown god.
  1956 | D:2      | Reached XP level 4. HP: 27/27 MP: 0/7
  2427 | D:3      | Reached skill level 1 in Air Magic
  2814 | D:3      | Noticed a sky beast
  2836 | D:3      | Slain by a sky beast

Skill      XL: |  1  2  3  4 |
---------------+-------------+-----
Poison Magic   | 4 |  4.9
Air Magic      | 1 |  1.1
Fighting       | |  0.1
Short Blades   | |  0.7
Dodging        | |  2.0
Stealth        | |  2.6
Spellcasting   | |  2.6
Conjurations   | |  1.9

Action                   |  1- 3 |  4- 6 || total
-------------------------+-------+-------++-------
Melee: Unarmed           |     6 |       ||     6
       Constrict         |    15 |     9 ||    24
       Dagger            |    36 |    33 ||    69
       Tentacles         |     8 |     2 ||    10
 Cast: Sting             |    15 |       ||    15
       Poisonous Vapours |    10 |     4 ||    14
 Stab: Sleeping          |     1 |     2 ||     3
  Eat: Chunk             |     4 |     1 ||     5
Armor: Skin              |     1 |     2 ||     3
Dodge: Dodged            |    23 |    19 ||    42
